 Dungeon Crawl Stone Soup version 0.28-a0-1510-gd0f6b136d3 (webtiles) character file.

Game seed: 8898241056068970145

772 bande the Chopper (level 7, -9/44 HPs)
             Began as a Gargoyle Fighter on Jan 16, 2022.
             Mangled by Edmund (10 damage)
             ... on level 4 of the Dungeon.
             The game lasted 00:06:22 (3971 turns).

bande the Chopper (Gargoyle Fighter)                Turns: 3971, Time: 00:06:23

Health: -9/44      AC: 16    Str: 20    XL:     7   Next: 83%
Magic:  7/7        EV:  9    Int:  8    God:
Gold:   115        SH:  5    Dex: 11    Spells: 5/6 levels left

rFire   . . .      SeeInvis .   a - +0 war axe
rCold   . . .      Faith    .   c - +1 buckler
rNeg    + . .      Spirit   .   b - +0 scale mail
rPois   ∞          Reflect  .   i - +0 helmet
rElec   +          Harm     .   e - +2 cloak
rCorr   .          Rampage  .   (no gloves)
Will    .....                   (no boots)
Stlth   ..........              (no amulet)
HPRegen 0.14/turn               (no ring)
MPRegen 0.10/turn               (no ring)

@: no status effects
A: sickness immunity, AC +4, negative energy resistance 1, electricity
resistance, torment resistance 1, petrification resistance
a: no special abilities


You were on level 4 of the Dungeon.
You visited 1 branch of the dungeon, and saw 4 of its levels.

You collected 115 gold pieces.

Inventory:

Hand Weapons
 a - a +0 war axe (weapon)
 k - a +0 flail
Armour
 b - a +0 scale mail (worn)
 c - a +1 buckler (worn)
 e - a +2 cloak (worn)
 i - a +0 helmet (worn)
Jewellery
 n - a +4 ring of protection
Scrolls
 j - a scroll of enchant armour
 l - a scroll of silence
 m - a scroll of blinking
Potions
 d - a potion of might
 f - a potion of flight
 g - a potion of curing
 h - a potion of brilliance


   Skills:
 + Level 4.6 Fighting
 + Level 5.7 Axes
 + Level 5.0 Armour
 + Level 4.3 Shields
 * Level 2.0 Translocations


You had 5 spell levels left.
You knew the following spells:

 Your Spells              Type           Power      Damage    Failure   Level
a - Apportation           Tloc           6%         N/A       56%         1

Your spell library contained the following spells:

 Spells                   Type           Power      Damage    Failure   Level
 Animate Skeleton         Necr           0%         N/A       83%         1
 Summon Small Mammal      Summ           0%         N/A       83%         1
 Chain Lightning          Conj/Air       0%         N/A       100%        9
 Fire Storm               Conj/Fire      0%         5d1       100%        9
 Shatter                  Erth           0%         3d5*      100%        9


Dungeon Overview and Level Annotations

Branches:
Dungeon (4/15)
 Temple: D:4-7

Altars:

Annotations:
D:4 Edmund


Innate Abilities, Weirdness & Mutations

You are immune to sickness and miasma.
Your stone body is resilient. (AC +4)
You are immune to poison.
You resist negative energy. (rN+)
You are resistant to electric shocks. (rElec)
You are resistant to unholy torment.
You are immune to petrification.


Message History

You see here an adder corpse.
You hit Edmund but do no damage.
Edmund says, "I might not be good at magic, but I can still kill you!"
You block Edmund's attack.
You barely miss Edmund. Edmund hits you but does no damage.
You barely miss Edmund. Edmund closely misses you.
Edmund completely misses you.
You hit Edmund.
Edmund is lightly wounded.
Edmund hits you with a +4 dire flail of draining.
You hit Edmund.
Edmund is lightly wounded.
You block Edmund's attack.
You hit Edmund.
Edmund is lightly wounded.
Edmund hits you with a +4 dire flail of draining!
You slash Edmund!
Edmund is moderately wounded.
Edmund hits you with a +4 dire flail of draining.
Edmund hits you but does no damage.
You barely miss Edmund.
Edmund is moderately wounded.
Edmund hits you with a +4 dire flail of draining.
You slash Edmund!
Edmund is heavily wounded.
You block Edmund's attack.
You hit Edmund.
Edmund is heavily wounded.
Edmund hits you with a +4 dire flail of draining.
Edmund hits you with a +4 dire flail of draining!
* * * LOW HITPOINT WARNING * * *
You are too injured to fight recklessly!
You hit Edmund.
Edmund is severely wounded.
Edmund hits you with a +4 dire flail of draining!
* * * LOW HITPOINT WARNING * * *
You slash Edmund!
Edmund is severely wounded.
Edmund hits you with a +4 dire flail of draining!
You die...

# #..<.......#
#.......###
#........#
#...####.# #...#
#... #...# ###.#
#...# ##
.#######...###.
......@@>......#
.###############


You could see Edmund.

Vanquished Creatures
  Sigmund (D:3)
  A sky beast (D:3)
  An ogre (D:4)
  A phantom (D:4)
  2 scorpions
  A bullfrog (D:3)
  2 orc wizards (D:3)
  Robin (D:3)
  2 adders
  An adder skeleton (D:3)
  A worm (D:3)
  4 dart slugs
  7 orcs (D:3)
  6 endoplasms
  6 giant cockroaches
  10 goblins
  13 hobgoblins
  3 jackals (D:3)
  4 kobolds
  2 quokkas
  A ball python (D:1)
  6 bats
  2 frilled lizards
  6 rats
84 creatures vanquished.

Notes
Turn   | Place    | Note
-------+----------+-------------------------------------------
     0 | D:1      | bande the Gargoyle Fighter began the quest for the Orb.
     0 | D:1      | Reached XP level 1. HP: 14/14 MP: 1/1
   462 | D:1      | Reached XP level 2. HP: 19/19 MP: 2/2
   479 | D:1      | You fall into a shaft and drop 1 floor!
  1376 | D:2      | Reached XP level 3. HP: 23/23 MP: 3/3
  1643 | D:2      | Found a faded altar of an unknown god.
  2093 | D:3      | Noticed Sigmund
  2104 | D:3      | HP: 1/23 [something (10)]
  2112 | D:3      | Killed Sigmund
  2113 | D:3      | Reached XP level 4. HP: 8/29 MP: 4/4
  2113 | D:3      | Reached XP level 5. HP: 9/33 MP: 5/5
  2512 | D:3      | Noticed Robin
  2535 | D:3      | Killed Robin
  2536 | D:3      | Reached XP level 6. HP: 15/38 MP: 6/6
  3204 | D:3      | Learned a level 1 spell: Apportation
  3587 | D:3      | Noticed a sky beast
  3600 | D:3      | Reached skill level 1 in Translocations
  3600 | D:3      | Reached XP level 7. HP: 30/43 MP: 7/7
  3608 | D:3      | Reached skill level 5 in Axes
  3905 | D:4      | Reached skill level 5 in Armour
  3956 | D:4      | Noticed Edmund
  3970 | D:4      | HP: 1/44 [Edmund (10)]
  3971 | D:4      | Mangled by Edmund

Illustrated notes

Levels and vault maps discovered:
D:1:      sevenhm_arrival_forest_fort_small_4, layout_basic
D:2:      layout_basic, ebering_ecumenical_altar_hall
D:3:      layout_rooms, grunt_ministairs_4, minmay_divided_ellipse, uniq_robin,
          uniq_sigmund
D:4:      layout_rooms, temple_fountains, chequers_serial_rivers_large_b,
          uniq_edmund

Skill      XL: |  1  2  3  4  5  6  7 |
---------------+----------------------+-----
Axes           | 2 4 5 |  5.7
Armour         | 4 5 |  5.0
Fighting       | 4 |  4.6
Shields        | 4 |  4.3
Translocations | 1 2 |  2.0

Action                   |  1- 3 |  4- 6 |  7- 9 || total
-------------------------+-------+-------+-------++-------
Melee: War axe           |    92 |   107 |    51 ||   250
  Use: Scroll            |     7 |     3 |     1 ||    11
       Potion            |     2 |       |       ||     2
Armor: Scale mail        |    54 |   102 |    23 ||   179
Dodge: Dodged            |    32 |    58 |    13 ||   103
Block: Buckler           |    25 |    44 |    12 ||    81

Table legend: (Time is in decaauts)
 A = Elapsed time spent in this place.
 B = Non-inter-level travel time spent in this place.
 C = Inter-level travel time spent in this place.
 D = Time resting spent in this place.
 E = Time spent auto-exploring this place.
 F = Levels seen in this place.
 G = Mean time per level.
                   A        B        C        D        E       F      G
               +--------+--------+--------+--------+--------+-----+--------+
         Total |   4065 |   3990 |     75 |    884 |   2366 |   4 | 1016.2 |
       Dungeon |   4065 |   3990 |     75 |    884 |   2366 |   4 | 1016.2 |
               +--------+--------+--------+--------+--------+-----+--------+

Top non-repeatable levels by time:
     D:3: 1822 daAuts
     D:1: 1238 daAuts
     D:2: 888 daAuts
     D:4: 116 daAuts
